 Dungeon Crawl Stone Soup version 0.28-a0-1152-g9c71ebef14 (webtiles) character file.

Game seed: 5856695706687450487

191 ytrimaz the Insei (level 5, -7/34 HPs)
             Began as an Octopode Transmuter on Dec 14, 2021.
             Killed by divine providence
             ... invoked by an orc priest
              (13 damage)
             ... on level 4 of the Dungeon.
             The game lasted 00:07:02 (4609 turns).

ytrimaz the Insei (Octopode Transmuter)             Turns: 4609, Time: 00:07:02

Health: -7/34      AC:  6    Str:  9    XL:     5   Next: 70%
Magic:  2/9        EV: 20    Int: 17    God:
Gold:   143        SH:  0    Dex: 18    Spells: 3/9 levels left

rFire   . . .      SeeInvis .     - Unarmed
rCold   . . .      Faith    .   (shield currently unavailable)
rNeg    . . .      Spirit   .   (helmet currently unavailable)
rPois   x          Reflect  .   (no amulet)
rElec   .          Harm     .   g - +4 ring of protection
rCorr   .          Rampage  .   (no ring)
Will    .....                   (no ring)
Stlth   ++........              (no ring)
HPRegen 0.11/turn               (no ring)
MPRegen 0.11/turn               (no ring)
                                (no ring)
                                (no ring)

@: spider-form, wereblooded, very slightly contaminated
A: venomous fangs, almost no armour, (amphibious), 8 rings, tiny, (camouflage
1), (gelatinous body 1), (nimble swimmer 1), (tentacles)
a: End Transformation


You were on level 4 of the Dungeon.
You were a venomous arachnid creature.
You visited 1 branch of the dungeon, and saw 4 of its levels.

You collected 143 gold pieces.

Inventory:

Jewellery
 g - a +4 ring of protection (left front leg)
 j - a ring of ice
Wands
 i - a wand of flame (7)
Scrolls
 c - a scroll of vulnerability
 d - a scroll of enchant weapon
Potions
 e - a potion of mutation
 f - a potion of attraction
 h - a potion of flight {unknown}


   Skills:
 * Level 2.0 Fighting
 * Level 3.0 Dodging
 + Level 4.0 Unarmed Combat
 * Level 2.9 Spellcasting
 * Level 3.0 Transmutations
 + Level 0.2 Evocations


You had 3 spell levels left.
You knew the following spells:

 Your Spells              Type           Power      Damage    Failure   Level
a - Beastly Appendage     Tmut           26%        N/A       14%         1
b - Wereblood             Tmut           13%        N/A       21%         2
c - Spider Form           Tmut/Pois      7%         N/A       50%         3

Your spell library contained the following spells:

 Spells                   Type           Power      Damage    Failure   Level
 Passwall                 Tmut/Erth      5%         N/A       32%         2
 Swiftness                Air            2%         N/A       69%         3
 Ice Form                 Ice/Tmut       7%         N/A       85%         4
 Blade Hands              Tmut           6%         N/A       92%         5
 Irradiate                Conj/Tmut      3%         3d15      99%         5
 Dragon Form              Tmut           6%         N/A       100%        7


Dungeon Overview and Level Annotations

Branches:
Dungeon (4/15)
 Temple: D:4-7

Altars:
Hepliaklqana
Uskayaw

Annotations:
D:4 exclusion: steam dragon


Innate Abilities, Weirdness & Mutations

You are a venomous arachnid creature.
You have poisonous fangs.
You are tiny and dextrous.
Your spellcasting is less reliable in this form.
Your armour is entirely melded.
You are incapable of wielding weapons or throwing items.
You cannot wear most types of armour.
((You are amphibious.))
You can wear up to eight rings at the same time.
((Your skin changes colour to match your surroundings (Stealth+).))
((Your rubbery body absorbs attacks. (AC +1, EV +1)))
((You are camouflaged near water. (Stealth+)))
((You have tentacles for arms and can constrict up to eight enemies at once.))


Message History

2 orcs come into view.
An orc and an orc priest come into view.
The orc is wielding a +2 vorpal flail.
The orc priest shouts!
An orc wizard comes into view. It is wielding a +0 dagger.
The orc priest mumbles some strange prayers to Beogh against you.
Beogh smites you!
The orc shouts!
Unknown command.
The orc shouts!
Casting: Spider Form (quite dangerous; 28% risk of failure)
Confirm with . or Enter, or press ? or * to list all spells.
You miscast Wereblood.
You are very lightly contaminated with residual magic.
Nothing appears to happen.
The orc wizard shouts!
Casting: Wereblood (safe; 8% risk of failure)
Confirm with . or Enter, or press ? or * to list all spells.
Your blood is infused with primal strength.
Casting: Wereblood (safe; 8% risk of failure)
Confirm with . or Enter, or press ? or * to list all spells.
The spell is quite dangerous to miscast (28% risk of failure)!
Continue anyway?
You turn into a venomous arachnid creature.
The orc priest calls down the wrath of Beogh upon you.
Beogh smites you!
* * * LOW HITPOINT WARNING * * *
The orc hits you but does no damage.
Unknown command.
You barely miss the orc.
An endoplasm comes into view.
The orc misses you.
You hit the orc.
The orc is poisoned.
The orc is severely wounded.
The orc priest looks braver for a moment.
The orc completely misses you.
You hit the orc but do no damage.
The orc is severely wounded.
The orc priest mumbles some strange prayers to Beogh against you.
Beogh smites you!
You die...

....##..
##.......
........
#........
.......#
#........
.....#
#........
.....#
#........
# .....#
#.oo.....
. .....#
#oo# .
.....#
#o## .
.....#
##s# .
...###
#..# .
..## #..#
. #.#
#..# #
#.# #.##
#.# ##.#
#.# #..#
#.# #..#
#.# #..#
#


You could see an orc priest, an orc wizard and 3 orcs.

Vanquished Creatures
  2 orc wizards (D:4)
  3 gnolls (D:2)
  3 adders
  A worm (D:3)
  4 dart slugs
  2 orcs
  2 ball pythons (D:1)
  4 endoplasms
  7 giant cockroaches
  6 hobgoblins
  2 jackals (D:1)
  2 quokkas
  6 bats
  3 frilled lizards
  6 goblins
  13 kobolds
  8 rats
74 creatures vanquished.

Notes
Turn   | Place    | Note
-------+----------+-------------------------------------------
     0 | D:1      | ytrimaz the Octopode Transmuter began the quest for the
                  | Orb.
     0 | D:1      | Reached XP level 1. HP: 13/13 MP: 3/3
   112 | D:1      | Reached XP level 2. HP: 6/18 MP: 5/5
   503 | D:1      | Learned a level 2 spell: Wereblood
   860 | D:1      | Reached XP level 3. HP: 23/23 MP: 6/6
   864 | D:1      | Learned a level 3 spell: Spider Form
  1990 | D:2      | Reached XP level 4. HP: 13/28 MP: 4/7
  3381 | D:3      | Found a hazy altar of Hepliaklqana.
  3382 | D:3      | Found a hide-covered altar of Uskayaw.
  3604 | D:3      | Reached XP level 5. HP: 34/34 MP: 5/9
  3679 | D:3      | Found a faded altar of an unknown god.
  3908 | D:4      | Noticed a steam dragon
  4013 | D:4      | Reached skill level 4 in Unarmed Combat
  4412 | D:4      | Noticed an ogre
  4609 | D:4      | Killed from afar by an orc priest

Illustrated notes

Levels and vault maps discovered:
D:1:      amcnicky_arrival_abandoned_market, layout_basic,
          chequers_serial_rivers_room_a, minmay_split_cup_small
D:2:      layout_basic
D:3:      layout_loops_corners, mainiacjoe_overflow_large_starburst,
          ebering_ecumenical_altar_box
D:4:      layout_cave_pods, minmay_temple_entry_butterflies

Skill      XL: |  1  2  3  4  5 |
---------------+----------------+-----
Transmutations | 3 |  3.0
Fighting       | 2 |  2.0
Dodging        | 3 |  3.0
Unarmed Combat | 4 |  4.0
Spellcasting   | |  2.9
Evocations     | |  0.2

Action                   |  1- 3 |  4- 6 || total
-------------------------+-------+-------++-------
Melee: Unarmed           |    96 |    78 ||   174
       Constrict         |    22 |    16 ||    38
       Kick              |    17 |     3 ||    20
       Tentacles         |    11 |     8 ||    19
       Punch             |     2 |     2 ||     4
 Cast: Beastly Appendage |    11 |     6 ||    17
       Spider Form       |     1 |     5 ||     6
       Wereblood         |       |     1 ||     1
Evoke: Wand              |       |     8 ||     8
  Use: Potion            |     1 |     2 ||     3
       Scroll            |     2 |     5 ||     7
 Stab: Sleeping          |     3 |     7 ||    10
Armor: Skin              |    12 |    26 ||    38
Dodge: Dodged            |    72 |    46 ||   118

Table legend: (Time is in decaauts)
 A = Elapsed time spent in this place.
 B = Non-inter-level travel time spent in this place.
 C = Inter-level travel time spent in this place.
 D = Time resting spent in this place.
 E = Time spent auto-exploring this place.
 F = Levels seen in this place.
 G = Mean time per level.
                   A        B        C        D        E       F      G
               +--------+--------+--------+--------+--------+-----+--------+
         Total |   4598 |   4505 |     93 |    624 |   3270 |   4 | 1149.5 |
       Dungeon |   4598 |   4505 |     93 |    624 |   3270 |   4 | 1149.5 |
               +--------+--------+--------+--------+--------+-----+--------+

Top non-repeatable levels by time:
     D:2: 1539 daAuts
     D:1: 1513 daAuts
     D:3: 869 daAuts
     D:4: 676 daAuts
